 Dungeon Crawl Stone Soup version 0.20-a0-641-g673355a (webtiles) character file.

271 Laan the Magician (level 6, -2/41 HPs)
             Began as a Mummy Fire Elementalist on Feb 14, 2017.
             Slain by a centaur (6 damage)
             ... on level 4 of the Dungeon.
             The game lasted 00:06:41 (3178 turns).

Laan the Magician (Mummy Fire Elementalist)         Turns: 3178, Time: 00:06:41

Health: -2/41      AC:  3    Str: 12    XL:     6   Next: 2%
Magic:  13/13      EV: 12    Int: 16    God:
Gold:   174        SH:  0    Dex: 12    Spells: 13/14 levels left

rFire    x . .     SeeInvis +   c - +4 hand axe (venom)
rCold    + + .     Gourm    .   l - +0 robe {rN+}
rNeg     + + +     Faith    .   (no shield)
rPois    ∞         Spirit   .   a - +0 helmet
rElec    .         Reflect  .   (no cloak)
rCorr    .         Harm     .   (no gloves)
MR       .....                  (no boots)
Stlth    ++........             (no amulet)
Regen    0.2/turn               k - ring of protection from cold
MPRegen  0.2/turn               e - ring of see invisible

@: no status effects
A: no food or potions, fire vulnerability, cold resistance 1, negative energy
resistance 3, torment resistance, unbreathing
a: no special abilities


You were on level 4 of the Dungeon.
You were not hungry.

You visited 1 branch of the dungeon, and saw 4 of its levels.

You collected 174 gold pieces.

Inventory:

Hand Weapons
 c - a +4 hand axe of venom (weapon)
Armour
 a - a +0 helmet (worn)
 l - a +0 robe of positive energy (worn)
Jewellery
 e - a ring of see invisible (left hand)
 k - a ring of protection from cold (right hand)
Wands
 m - a wand of disintegration (24/24)
Scrolls
 d - 7 scrolls of teleportation
 f - 2 scrolls of remove curse
 g - a scroll of recharging
 h - a scroll of amnesia
 i - 2 scrolls of identify
 j - a scroll of fog
Books
 b - a book of Flames

   Spells                             Type                      Level
   a - Flame Tongue                   Conjuration/Fire             1
   b - Throw Flame                    Conjuration/Fire             2
   c - Conjure Flame                  Conjuration/Fire             3
   d - Inner Flame                    Hexes/Fire                   3
   e - Sticky Flame                   Conjuration/Fire             4
   f - Fireball                       Conjuration/Fire             5


   Skills:
 - Level 1.5 Dodging
 - Level 1.5 Stealth
 + Level 4.8 Spellcasting
 * Level 4.1 Conjurations
 - Level 2.4 Fire Magic


You had 13 spell levels left.
You knew the following spells:

 Your Spells              Type           Power        Failure   Level  Hunger
a - Flame Tongue          Conj/Fire      ##...        4%          1    N/A

Dungeon Overview and Level Annotations

Branches:
Dungeon (4/15)
 Temple: D:4-7

Altars:
Sif Muna


Innate Abilities, Weirdness & Mutations

You do not eat or drink.
Your flesh is vulnerable to fire.
You are immune to poison.
Your flesh is cold resistant. (rC+)
You are immune to negative energy. (rN+++)
You are immune to unholy pain and torment.
You can survive without breathing.


Message History

The centaur shouts!
The centaur hits you. The centaur hits you.
You hit the centaur.
The centaur is poisoned.
The centaur is lightly wounded.
You hit the adder skeleton.
The centaur hits you but does no damage.
The adder skeleton closely misses you. The centaur hits you.
You hit the centaur.
The centaur is moderately wounded.
You barely miss the adder skeleton.
The centaur hits you but does no damage.
The adder skeleton barely misses you. The centaur hits you!
The adder skeleton bites you but does no damage.
You hit the centaur.
The centaur looks as sick as possible!
The centaur is heavily wounded.
You hit the adder skeleton. The centaur hits you!
* * * LOW HITPOINT WARNING * * *
The adder skeleton misses you. The centaur hits you.
You die...

#### ####
#...
.......# ...
... ##....#
#...#r#
#...cZ# #
#@# .#
#.##.###..
#.........
#..#####.
#..# ..#
#..# ...
#..# ..##
#..#####....
#........#


You could see a centaur, a quokka and an adder skeleton.

Vanquished Creatures
  3 orc wizards
  Jessica (D:2)
  Natasha (twice) (D:2)
  2 adders (D:2)
  2 worms
  4 dart slugs
  A leopard gecko (D:3)
  7 orcs
  4 bats
  A giant cockroach (D:3)
  9 goblins
  12 hobgoblins
  12 kobolds
  2 quokkas
  2 ball pythons
  9 frilled lizards
  6 rats
79 creatures vanquished.

Notes
Turn   | Place    | Note
-------+----------+-------------------------------------------
     0 | D:1      | Laan the Mummy Fire Elementalist began the quest for the Orb.
     0 | D:1      | Reached XP level 1. HP: 13/13 MP: 4/4
    57 | D:1      | Reached skill level 1 in Conjurations
   251 | D:1      | Reached XP level 2. HP: 19/19 MP: 6/6
   914 | D:2      | Reached XP level 3. HP: 13/24 MP: 7/7
  1218 | D:2      | Noticed Natasha
  1227 | D:2      | Killed Natasha
  1227 | D:2      | Reached XP level 4. HP: 17/30 MP: 2/9
  1445 | D:2      | Noticed Jessica
  1458 | D:2      | Killed Jessica
  1730 | D:2      | Noticed Natasha
  1737 | D:2      | Killed Natasha
  1737 | D:2      | Reached XP level 5. HP: 26/35 MP: 5/11
  2943 | D:3      | Found a faded altar of an unknown god.
  3115 | D:4      | Found a deep blue altar of Sif Muna.
  3149 | D:4      | Reached XP level 6. HP: 32/41 MP: 13/13
  3178 | D:4      | Slain by a centaur

Vault maps used:
D:1:      sevenhm_arrival_forest_fort_large_4, fountainhead
D:2:      uniq_natasha, uniq_jessica
D:3:      chequers_ecumenical_altar_grove
D:4:      marbit_many_paths, minmay_temple_entry_fiery, first_bread

Skill      XL: |  1  2  3  4  5 |
---------------+----------------+-----
Conjurations   | 1 2 3 4 |  4.1
Spellcasting   | 3 4 |  4.8
Dodging        | |  1.5
Stealth        | |  1.5
Fire Magic     | |  2.4

Action                   |  1- 3 |  4- 6 || total
-------------------------+-------+-------++-------
Melee: Hand axe          |    41 |    51 ||    92
 Cast: Flame Tongue      |    17 |    50 ||    67
  Use: Scroll            |       |     6 ||     6
 Stab: Sleeping          |     5 |     3 ||     8
Armor: Robe              |     8 |    16 ||    24
Dodge: Dodged            |    34 |    44 ||    78
